AoeStats
← El Messias

Black Forest

510181166Analyzed
4v4 RM · 3d ago on Sep 29, 2026· 52m 4s· 8 players
Game mode
Random Map
Map size
Large (8 player)
Population
200
Speed
Normal
Resources
Standard
Victory
Conquest
Starting age
Dark Age
Ending age
Imperial Age
RankedLock teamsTeams togetherTeam positionsShared explorationLock speedFull tech treeHidden civsTurbo modeCheats
Victory
Defeat
🇹🇷 Bohemians · Türkiye
654
+7
🇺🇸 Vietnamese · United States
625
+8
🇪🇸 Burgundians · Spain
596
+9
🇳🇮 Lithuanians · Nicaragua
587
+9
🇬🇷 Persians · Greece
481
-9
🇧🇴 Bohemians · Bolivia
459
-9
🇧🇴 Teutons · Bolivia
426
-8
🇮🇪 Spanish · Ireland
392
-7
mavra
1:21 Loom
15:35 Feudal Age
16:51 Wheelbarrow
22:17 Horse Collar
22:32 Stone Mining
22:32 Gold Mining
22:35 Double-Bit Axe
23:30 Town Watch
kealanmurphy83
3:34 Loom
25:09 Feudal Age
28:56 Wheelbarrow
28:06 Town Watch
28:10 Horse Collar
28:32 Double-Bit Axe
32:03 Arson
32:05 Man-at-Arms
36:02 Bloodlines
36:48 Forging
36:29 Fletching
36:40 Padded Archer Armor
36:46 Scale Barding Armor
36:42 Scale Mail Armor
41:34 Castle Age
40:25 Stone Mining
42:25 Squires
42:11 Gambesons
41:47 Long Swordsman
43:06 Chain Mail Armor
43:28 Iron Casting
43:06 Heavy Plow
43:23 Bow Saw
44:39 Caravan
45:36 Fervor
48:09 Imperial Age
48:11 Two-Handed Swordsman
49:25 Plate Mail Armor
49:55 Blast Furnace
49:14 Champion
El Messias
0:28 Loom
14:55 Feudal Age
17:40 Double-Bit Axe
23:22 Castle Age
24:35 Bow Saw
25:35 Stone Mining
30:32 Padded Archer Armor
30:22 Fletching
32:45 Ballistics
34:54 Stone Shaft Mining
35:18 Wheelbarrow
35:31 Bodkin Arrow
35:51 Leather Archer Armor
35:42 Scale Barding Armor
35:38 Scale Mail Armor
35:48 Forging
38:25 Fortified Wall
44:56 Imperial Age
42:43 Hand Cart
45:39 Iron Casting
45:19 Chain Mail Armor
45:25 Chain Barding Armor
45:57 Cavalier
46:47 Bloodlines
47:44 Two-Man Saw
48:03 Plate Mail Armor
48:33 Blast Furnace
47:19 Pikeman
47:59 Squires
47:44 Arson
Jorgex
1:22 Loom
17:49 Feudal Age
18:57 Double-Bit Axe
19:55 Horse Collar
21:29 Wheelbarrow
24:36 Town Watch
27:29 Scale Mail Armor
27:30 Arson
30:18 Castle Age
30:20 Scale Barding Armor
31:36 Heavy Plow
31:50 Bow Saw
33:16 Squires
33:07 Light Cavalry
34:15 Hand Cart
35:43 Chain Barding Armor
36:35 Forging
37:35 Chemistry
39:00 Chain Mail Armor
39:02 Fortified Wall
39:00 Caravan
39:13 Husbandry
45:00 Imperial Age
43:09 Iron Casting
42:00 Pikeman
45:49 Halberdier
48:42 Plate Mail Armor
er_titi92
11:53 Feudal Age
10:13 Double-Bit Axe
12:59 Wheelbarrow
12:55 Horse Collar
14:38 Bow Saw
16:42 Hand Cart
16:45 Heavy Plow
24:45 Castle Age
27:44 Two-Man Saw
26:41 Gold Mining
27:25 Guilds
27:17 Caravan
28:47 Herbal Medicine
28:53 Stone Mining
29:39 Gold Shaft Mining
34:17 Imperial Age
33:56 Scale Barding Armor
33:37 Treadmill Crane
35:13 Crop Rotation
35:25 Chain Barding Armor
35:06 Padded Archer Armor
34:57 Fletching
34:56 Elite Skirmisher
37:16 Plate Barding Armor
36:51 Burgundian Vineyards
36:32 Imperial Skirmisher
37:10 Elite Coustillier
40:51 Leather Archer Armor
40:32 Bodkin Arrow
40:52 Forging
42:53 Arrowslits
45:13 Chemistry
46:17 Iron Casting
45:43 Bracer
46:00 Masonry
46:11 Ballistics
45:57 Siphons
48:41 Architecture
48:32 Bombard Tower
49:18 Blast Furnace
48:19 Scale Mail Armor
49:53 Stone Shaft Mining
49:35 Fortified Wall
49:36 Incendiaries
49:17 Guard Tower
49:23 Murder Holes
49:38 Careening
49:39 Clinker Construction
51:17 Conscription
50:30 Sappers
51:36 Hoardings
GiriThaBeast
0:32 Loom
12:42 Feudal Age
16:36 Horse Collar
16:44 Double-Bit Axe
24:42 Castle Age
25:27 Wheelbarrow
25:39 Bow Saw
27:34 Heavy Plow
28:45 Hand Cart
32:54 Caravan
36:03 Husbandry
36:14 Bloodlines
38:52 Imperial Age
38:08 Scale Barding Armor
38:13 Forging
37:59 Fletching
38:10 Padded Archer Armor
39:00 Elite Battle Elephant
42:11 Iron Casting
41:57 Chain Barding Armor
44:45 Elite Skirmisher
50:01 Plate Barding Armor
49:24 Bodkin Arrow
49:45 Leather Archer Armor
fgmax2018
16:09 Feudal Age
19:08 Double-Bit Axe
24:19 Castle Age
22:22 Horse Collar
26:49 Heavy Plow
35:37 Scale Barding Armor
35:43 Forging
37:00 Bow Saw
41:18 Imperial Age
39:45 Caravan
42:32 Elite Leitis
44:58 Chemistry
44:19 Ballistics
43:50 Heated Shot
43:56 Murder Holes
44:12 Fortified Wall
44:00 Gold Mining
44:01 Stone Mining
45:53 Chain Barding Armor
46:16 Iron Casting
kael9297
0:31 Loom
14:58 Feudal Age
15:52 Double-Bit Axe
15:51 Horse Collar
17:43 Wheelbarrow
23:11 Castle Age
22:53 Man-at-Arms
23:19 Arson
24:28 Bow Saw
24:21 Heavy Plow
24:31 Caravan
24:53 Squires
26:20 Hand Cart
25:57 Pikeman
26:48 Long Swordsman
28:49 Wagenburg Tactics
30:50 Town Watch
31:10 Padded Archer Armor
31:00 Fletching
31:21 Forging
31:11 Scale Mail Armor
31:17 Scale Barding Armor
32:13 Ballistics
33:08 Chemistry
33:14 Coinage
35:34 Imperial Age
33:50 Leather Archer Armor
34:00 Bodkin Arrow
34:45 Masonry
35:50 Murder Holes
36:08 Fortified Wall
37:47 Two-Man Saw
38:54 Banking
38:43 Guilds
38:32 Houfnice
39:19 Elite Hussite Wagon
40:28 Conscription
41:26 Ring Archer Armor
41:30 Bracer
42:54 Iron Casting
42:36 Chain Mail Armor
45:58 Blast Furnace
45:28 Plate Mail Armor
45:22 Chain Barding Armor
48:49 Town Patrol
50:03 Siege Engineers
50:28 Architecture
50:12 Fervor
50:18 Block Printing
50:03 Atonement
50:29 Illumination
50:15 Redemption
50:05 Devotion
50:26 Sanctity
50:41 Theocracy
50:01 Herbal Medicine
50:27 Heresy
51:49 Bombard Tower
51:15 Arrowslits
51:20 Guard Tower
51:42 Careening
51:19 Two-Handed Swordsman
51:21 Halberdier
52:10 Hussite Reforms
51:38 Sappers
51:34 Capped Ram
51:55 Heavy Scorpion
Connection lost

Rejoining the realm…

Still unreachable

The connection could not be restored.

Session expired

The server has moved on; the page needs a fresh start.